 Dungeon Crawl Stone Soup version 0.24.0 (webtiles) character file.

Game seed: 3492397146931105676, levelgen mode: deterministic

13950 Aggronaut the Martial Artist (level 11, -2/75 HPs)
             Began as a Demonspawn Monk on Oct 25, 2019.
             Was a High Priest of Makhleb.
             Killed by the air
             ... invoked by a blizzard demon
             ... summoned by the player character
              (11 damage)
             ... on level 1 of the Lair of Beasts.
             The game lasted 00:53:28 (13869 turns).

Aggronaut the Martial Artist (Demonspawn Monk)     Turns: 13869, Time: 00:53:29

Health: -2/75      AC: 13    Str: 20    XL:     11   Next: 82%
Magic:  20/20      EV: 16    Int: 15    God:    Makhleb [*****.]
Gold:   123        SH:  8    Dex: 20    Spells: 6/10 levels left

rFire    + + .     SeeInvis .     - Unarmed
rCold    . . .     Gourm    .   F - +0 buckler
rNeg     + . .     Faith    .   v - +2 scale mail {rF+}
rPois    +         Spirit   .   j - +0 hat {Int+3}
rElec    .         Reflect  +   J - +2 cloak of the Kraken {rN+ MR- Slay+2}
rCorr    .         Harm     .   y - +0 pair of gloves
MR       .....                  z - +0 pair of boots
Stlth    +++.......             s - +2 amulet of reflection
HPRegen  0.00/turn              m - ring of protection from magic
MPRegen  0.17/turn              I - +5 ring of strength (curse)

@: agile, marked
A: horns 1, talons 2, fire resistance 1, high mp 1, poison resistance, powered
by pain 2, inhibited regeneration, wild magic 1
a: Minor Destruction, Lesser Servant of Makhleb, Major Destruction, Greater
Servant of Makhleb, Renounce Religion


You were on level 1 of the Lair of Beasts.
You worshipped Makhleb.
Makhleb was extremely pleased with you.
You were not hungry.

You visited 3 branches of the dungeon, and saw 13 of its levels.

You collected 562 gold pieces.
You spent 439 gold pieces at shops.

Inventory:

Missiles
 t - 31 poisoned darts (quivered)
Armour
 j - a +0 hat of intelligence (worn)
 v - a +2 scale mail of fire resistance (worn)
 y - a +0 pair of gloves (worn)
 z - a +0 pair of boots (worn)
 F - a +0 buckler (worn)
 J - the +2 cloak of the Kraken (worn) {rN+ MR- Slay+2}
   (You bought it in a shop on level 10 of the Dungeon)

   It affects your accuracy and damage with ranged weapons and melee attacks
   (+2).
   It protects you from negative energy.
   It affects your resistance to hostile enchantments.
Jewellery
 l - an uncursed amulet of magic regeneration
 m - a ring of protection from magic (left hand)
 s - a +2 amulet of reflection (around neck)
 G - an uncursed ring of positive energy
 I - a cursed +5 ring of strength (right hand)
Wands
 e - a wand of digging (5)
 h - a wand of acid (7)
 n - a wand of disintegration (12)
 r - a wand of flame (8)
 u - a wand of iceblast (11)
 A - a wand of scattershot (2)
 L - a wand of paralysis (12)
Scrolls
 c - a scroll of enchant weapon
 o - 4 scrolls of teleportation
 p - 4 scrolls of magic mapping
 q - 5 scrolls of fear
 w - a scroll of identify
 B - 2 scrolls of amnesia
 C - a scroll of fog
 E - 2 scrolls of remove curse
Potions
 a - 2 potions of lignification
 d - a potion of flight
 f - 2 potions of cancellation
 g - 3 potions of brilliance
 i - a potion of resistance
 k - 5 potions of curing
 x - a potion of heal wounds
Comestibles
 b - 15 rations
 D - 4 chunks of flesh


   Skills:
 - Level 3.0 Fighting
 - Level 2.6 Dodging
 - Level 5.0 Stealth
 - Level 4.1 Shields
 * Level 14.1 Unarmed Combat
 - Level 10.0 Invocations
 - Level 4.3 Evocations


You had 6 spell levels left.
You knew the following spells:

 Your Spells              Type           Power        Failure   Level  Hunger
a - Petrify               Tmut/Erth      #.......     100%        4    #####..

Your spell library contained the following spells:

 Spells                   Type           Power        Failure   Level  Hunger
 Confusing Touch          Hex            #.....       71%         1    ##.....
 Poisonous Vapours        Pois/Air       #.....       83%         2    ###....
 Confuse                  Hex            #.......     96%         3    ####...
 Conjure Flame            Conj/Fire      #.......     96%         3    ####...
 Gell's Gravitas          Tloc           #.........   96%         3    ####...
 Mephitic Cloud           Conj/Pois/Air  #.......     96%         3    ####...
 Metabolic Englaciation   Hex/Ice        #.........   100%        5    ######.
 Yara's Violent Unravell  Hex/Tmut       #.........   100%        5    ######.
 Freezing Cloud           Conj/Ice/Air   #.........   100%        6    #######
 Ring of Flames           Chrm/Fire      #.........   100%        7    #######


Dungeon Overview and Level Annotations

Branches:
Dungeon (11/15)            Temple (1/1) D:5            Lair (1/6) D:11
    Orc (0/2) D:9

Altars:
Ashenzari
Cheibriados
Dithmenos
Elyvilon
Fedhas
Gozag
Hepliaklqana
Kikubaaqudgha
Makhleb
Nemelex Xobeh
Okawaru
Qazlal
Ru
Sif Muna
Trog
Uskayaw
Vehumet
Wu Jian
Xom
Yredelemnul
Zin
The Shining One

Shops:
D:10 *((%[

Annotations:
D:10 2 transporters
D:11 Snorg


Innate Abilities, Weirdness & Mutations

You have a pair of small horns on your head.
You have razor-sharp toenails.
Your flesh is heat resistant. (rF+)
You sometimes gain power by taking damage.
You have an increased reservoir of magic. (+10% MP)
Your system is resistant to poisons. (rPois)
You do not regenerate when monsters are visible.
Your spells are a little harder to cast, but a little more powerful.


Message History

You see here a scroll of identify.
w - a scroll of identify A demon appears!
It doesn't seem very happy.
The blizzard demon gestures at you. The bolt of cold hits you!!!
Ouch! That really hurt!
* * * LOW HITPOINT WARNING * * *
You focus on the pain.
You feel agile all of a sudden. The blizzard demon gestures at you.
The bolt of lightning misses you.
The blizzard demon waves its arms in wide circles.
The air twists around and strikes you!
* * * LOW HITPOINT WARNING * * *
You set off the alarm!
A sentinel's mark forms upon you.
The blizzard demon waves its arms in wide circles.
The air twists around and strikes you!
You die...

.........##....##......#........#
..#......##....##...............#
###......##2#####............#...
......#.#####......#........#
...................#.....#..#
.........D.........#######..#
.................÷...[......#
.............................
............@...............#
.................##+######..#
.................#.... #..#
....#######+.#........ ...# ....
#.##........ ...P ..
...#†...#.... ..# P...
....##...#.... ..... ...... #...#
.. . #....######## #...#


You could see a six-headed hydra and a blizzard demon.

Vanquished Creatures
  Gastronok (D:8)
  A hydra (Lair:1)
  A two-headed ogre (D:8)
  Nergalle (D:10)
  A cyclops (D:7)
  Joseph (D:7)
  A centaur zombie (D:10)
  A komodo dragon (Lair:1)
  A troll (D:9)
  A hippogriff (D:10)
  A wyvern (D:10)
  2 hungry ghosts
  Grum (D:10)
  10 yaks
  A steam dragon (D:10)
  A water moccasin (D:10)
  4 black bears
  3 orc warriors
  2 porcupines (Lair:1)
  4 ice beasts
  3 sky beasts
  3 phantoms
  8 ogres
  2 wolves (D:10)
  6 centaurs
  2 crocodiles
  A big kobold (D:10)
  3 bullfrogs
  A wyvern zombie (D:9)
  4 scorpions
  10 killer bees
  5 wights (D:6)
  4 howler monkeys
  A crimson imp (D:9)
  2 bullfrog zombies
  2 quasits
  4 centaur skeletons
  2 jellies
  A bullfrog skeleton (D:5)
  7 hounds
  10 orc priests
  4 iguanas
  14 orc wizards
  Terence (D:1)
  5 worker ants
  3 hound zombies
  A hound skeleton (D:8)
  Robin (D:2)
  4 gnolls (D:10)
  14 adders
  A shadow imp (D:10)
  An ooze (D:5)
  An adder zombie (D:5)
  An adder skeleton (D:7)
  3 worms
  3 dart slugs
  5 leopard geckos
  57 orcs
  5 giant cockroaches
  2 gnoll zombies (D:4)
  9 goblins
  12 hobgoblins
  10 jackals
  9 quokkas
  7 ball pythons
  9 bats
  3 frilled lizards
  12 kobolds
  A leopard gecko skeleton (D:4)
  24 rats
342 creatures vanquished.

Vanquished Creatures (collateral kills)
  A bullfrog (D:9)
1 creature vanquished.

Vanquished Creatures (others)
  A centaur (D:10)
  A kobold (D:10)
2 creatures vanquished.

Grand Total: 345 creatures vanquished

Notes
Turn   | Place    | Note
-------+----------+-------------------------------------------
     0 | D:1      | Aggronaut the Demonspawn Monk began the quest for the Orb.
     0 | D:1      | Reached XP level 1. HP: 18/18 MP: 1/1
   438 | D:1      | Reached skill level 3 in Unarmed Combat
   705 | D:1      | Gained mutation: You have sharp toenails. [demonic
                  | ancestry]
   705 | D:1      | Reached XP level 2. HP: 18/24 MP: 2/2
  1180 | D:2      | Noticed Terence
  1203 | D:1      | Gained mutation: You have razor-sharp toenails. [potion of
                  | mutation]
  1203 | D:1      | Gained mutation: You do not regenerate when monsters are
                  | visible. [potion of mutation]
  1203 | D:1      | Gained mutation: You have a pair of small horns on your
                  | head. [potion of mutation]
  1203 | D:1      | Gained mutation: You have claws for feet. [potion of
                  | mutation]
  1208 | D:1      | Gained mutation: Your flesh is heat resistant. (rF+)
                  | [demonic ancestry]
  1208 | D:1      | Reached XP level 3. HP: 16/29 MP: 3/3
  1217 | D:1      | Killed Terence
  1514 | D:2      | Reached skill level 4 in Unarmed Combat
  1514 | D:2      | Gained mutation: You sometimes gain a little power by
                  | taking damage. [demonic ancestry]
  1514 | D:2      | Reached XP level 4. HP: 34/35 MP: 4/4
  1518 | D:2      | Noticed Robin
  1551 | D:2      | Killed Robin
  1879 | D:2      | Lost mutation: You have a pair of small horns on your head.
                  | [potion of mutation]
  1879 | D:2      | Lost mutation: You have claws for feet. [potion of
                  | mutation]
  1879 | D:2      | Lost mutation: You have razor-sharp toenails. [potion of
                  | mutation]
  1879 | D:2      | Gained mutation: Your spells are a little harder to cast,
                  | but a little more powerful. [potion of mutation]
  1879 | D:2      | Gained mutation: Your system is resistant to poisons.
                  | (rPois) [potion of mutation]
  1879 | D:2      | Gained mutation: You have an increased reservoir of magic.
                  | (+10% MP) [potion of mutation]
  2046 | D:2      | Found a glowing silver altar of Zin.
  2046 | D:2      | Found a shattered altar of Ashenzari.
  2046 | D:2      | Found a hide-covered altar of Uskayaw.
  2379 | D:3      | Gained mutation: You have razor-sharp toenails. [demonic
                  | ancestry]
  2379 | D:3      | Reached XP level 5. HP: 12/41 MP: 5/5
  2823 | D:3      | Reached skill level 5 in Unarmed Combat
  3233 | D:4      | Noticed an ogre
  3643 | D:4      | Reached XP level 6. HP: 35/47 MP: 6/6
  3836 | D:4      | Reached skill level 6 in Unarmed Combat
  4019 | D:4      | Reached XP level 7. HP: 34/52 MP: 7/7
  4186 | D:4      | Found a basalt altar of Yredelemnul.
  4659 | D:4      | Learned a level 4 spell: Petrify
  5402 | D:5      | Entered Level 5 of the Dungeon
  5466 | D:5      | Reached skill level 5 in Stealth
  5550 | D:5      | Found a staircase to the Ecumenical Temple.
  5565 | D:5      | Reached skill level 7 in Unarmed Combat
  5574 | Temple   | Entered the Ecumenical Temple
  5862 | Temple   | Became a worshipper of Makhleb the Destroyer
  5862 | Temple   | Reached * piety under Makhleb
  5862 | Temple   | Reached ** piety under Makhleb
  5916 | D:5      | Reached skill level 1 in Evocations
  6204 | D:5      | Reached XP level 8. HP: 47/58 MP: 9/9
  6364 | D:5      | Reached skill level 8 in Unarmed Combat
  7195 | D:6      | Found a bloodstained altar of Trog.
  7246 | D:6      | Reached skill level 9 in Unarmed Combat
  7333 | D:6      | Found a shimmering blue altar of Sif Muna.
  7348 | D:6      | Gained mutation: You have a pair of small horns on your
                  | head. [demonic ancestry]
  7348 | D:6      | Reached XP level 9. HP: 45/63 MP: 13/13
  7737 | D:6      | Reached skill level 1 in Invocations
  8180 | D:7      | Reached *** piety under Makhleb
  8180 | D:7      | Reached skill level 10 in Unarmed Combat
  8319 | D:7      | Noticed Joseph
  8472 | D:7      | Killed Joseph
  8472 | D:7      | Reached skill level 5 in Invocations
  8700 | D:7      | Noticed a cyclops
  8713 | D:7      | Killed a cyclops
  8713 | D:7      | Reached skill level 11 in Unarmed Combat
  8877 | D:7      | Reached XP level 10. HP: 70/70 MP: 15/15
  9096 | D:7      | Found a hazy altar of Hepliaklqana.
  9188 | D:8      | Found a shimmering altar of Xom.
  9349 | D:8      | Reached **** piety under Makhleb
  9351 | D:8      | Noticed Gastronok
  9367 | D:8      | Killed Gastronok
  9367 | D:8      | Reached skill level 12 in Unarmed Combat
  9446 | D:8      | Found a shimmering blue altar of Sif Muna.
  9510 | D:8      | Noticed a two-headed ogre
 10152 | D:8      | Killed a two-headed ogre
 10515 | D:9      | Gained mutation: You sometimes gain power by taking damage.
                  | [demonic ancestry]
 10515 | D:9      | Reached XP level 11. HP: 74/75 MP: 19/19
 10909 | D:9      | Reached skill level 1 in Shields
 11197 | D:9      | Found a staircase to the Orcish Mines.
 11207 | D:9      | Reached skill level 13 in Unarmed Combat
 12146 | D:10     | Entered Level 10 of the Dungeon
 12146 | D:10     | Noticed Nergalle
 12158 | D:10     | Killed Nergalle
 12258 | D:10     | Found Xear's Antique Armour Boutique.
 12284 | D:10     | Reached skill level 10 in Invocations
 12294 | D:10     | Bought a faintly humming cloak for 332 gold pieces
 12304 | D:10     | Identified the +2 cloak of the Kraken {rN+ MR- Slay+2} (You
                  | bought it in a shop on level 10 of the Dungeon)
 12400 | D:10     | Found Nodegg's Food Boutique.
 12515 | D:10     | Identified the +2 ring mail of Tulips {MP+9}
 12563 | D:10     | Found a transporter.
 12564 | D:10     | Found Silaumixt's Weapon Emporium.
 12565 | D:10     | Noticed an orc sorcerer
 12675 | D:10     | Found Xauty's Assorted Antiques.
 12697 | D:10     | Bought an amethyst potion for 33 gold pieces
 12697 | D:10     | Bought a scroll of identify for 74 gold pieces
 12722 | D:10     | Found a transporter.
 12790 | D:10     | Found Qafecal's Weapon Boutique.
 12827 | D:10     | Reached ***** piety under Makhleb
 12881 | D:10     | Noticed Grum
 12920 | D:10     | Killed Grum
 13414 | D:11     | Noticed Snorg
 13434 | D:11     | Found a staircase to the Lair.
 13439 | Lair:1   | Entered Level 1 of the Lair of Beasts
 13685 | Lair:1   | Noticed a seven-headed hydra
 13697 | Lair:1   | Killed a seven-headed hydra
 13704 | Lair:1   | Reached skill level 14 in Unarmed Combat
 13839 | Lair:1   | Noticed a six-headed hydra
 13843 | Lair:1   | Noticed a blizzard demon
 13869 | Lair:1   | Killed from afar by a blizzard demon

Levels and vault maps discovered:
D:1:      dpeg_arrival_rhombus, layout_basic
D:2:      layout_rooms, gammafunk_temple_overflow_forgotten,
          chequers_decorated_corner, uniq_terence, uniq_robin
D:3:      layout_rooms, minmay_hedge_maze
D:4:      layout_loops_ring, lemuel_zombie_altar_yredelemnul,
          grunt_ministairs_7, minmay_rat_hole
D:5:      layout_layer_cave, minmay_temple_entry_overgrown, first_ration
D:6:      layout_loops_ring, trog_ov_bears_minmay, old_standard_altar
D:7:      layout_rooms, lemuel_coloured_pillars_altar, uniq_joseph
D:8:      layout_basic, kennysheep_little_box, basic_altar, uniq_gastronok
D:9:      layout_layer_cave, orc_0_dummy
D:10:     gammafunk_wand_slinger, layout_basic, serial_shops,
          nicolae_shop_temple_entry_statues_fountains, nicolae_shop_stone,
          nicolae_shop_window_shopping,
          nicolae_shop_temple_entry_statues_fountains,
          nicolae_shop_temple_entry_statues_fountains, uniq_grum, uniq_nergalle
D:11:     layout_cave_pools, lair_entry_dummy, uniq_snorg
Temple:   dpeg_chambers_temple
Lair:1:   layout_regular_city, serial_bayou_shore_a
